 Dungeon Crawl Stone Soup version 0.28-a0-535-g6f645e4c1d (webtiles) character file.

Game seed: 8384702933153481089

284 omnomnOMINOUS the Magician (level 6, 0/42 HPs)
             Began as an Octopode Wanderer on Sept 26, 2021.
             Was a Believer of Qazlal.
             Slain by Maggie (18 damage)
             ... on level 6 of the Dungeon.
             The game lasted 00:09:02 (4485 turns).

omnomnOMINOUS the Magician (Octopode Wanderer)      Turns: 4485, Time: 00:09:03

Health: 0/42       AC:  1    Str: 10    XL:     6   Next: 29%
Magic:  11/13      EV: 13    Int: 17    God:    Qazlal [**....]
Gold:   178        SH:  2    Dex: 12    Spells: 11/15 levels left

rFire   . . .      SeeInvis .   a - +0 trident
rCold   . . .      Faith    .   (no shield)
rNeg    . . .      Spirit   .   (helmet restricted)
rPois   .          Reflect  .   (no amulet)
rElec   .          Harm     .   (no ring)
rCorr   .          Rampage  .   (no ring)
Will    .....                   (no ring)
Stlth   ++........              (no ring)
HPRegen 0.14/turn               (no ring)
MPRegen 0.13/turn               (no ring)
                                (no ring)
                                (no ring)

@: mighty, freezing walls
A: almost no armour, amphibious, 8 rings, camouflage 1, gelatinous body 1,
(nimble swimmer 1), tentacles
a: Renounce Religion, Upheaval


You were on level 6 of the Dungeon.
You worshipped Qazlal.
Qazlal was pleased with you.
You visited 1 branch of the dungeon, and saw 6 of its levels.

You collected 178 gold pieces.

Inventory:

Hand Weapons
 a - a +0 trident (weapon)
 b - a +0 long sword of electrocution
 c - a +2 flail of protection
 p - a +1 trident of distortion
Missiles
 r - 4 javelins (quivered)
 v - 8 poisoned darts
Magical Staves
 l - a staff of death
Wands
 w - a wand of iceblast (9)
Scrolls
 e - 4 scrolls of enchant armour {unknown}
 g - a scroll of fear {unknown}
 i - 2 scrolls of noise {unknown}
 k - 3 scrolls of identify {unknown}
 m - a scroll of acquirement {unknown}
 o - a scroll of vulnerability {unknown}
 t - 2 scrolls of magic mapping {unknown}
 u - a scroll of amnesia {unknown}
Potions
 d - a potion of heal wounds {unknown}
 h - a potion of attraction {unknown}
 j - a potion of berserk rage {unknown}
 n - a potion of brilliance {unknown}
 q - a potion of resistance {unknown}
 s - 3 potions of flight {unknown}


   Skills:
 + Level 3.2 Fighting
 + Level 3.2 Dodging
 - Level 1.0 Shields
 - Level 5.0 Spellcasting
 + Level 4.6 Ice Magic
 - Level 1.1 Evocations


You had 11 spell levels left.
You knew the following spells:

 Your Spells              Type           Power      Damage    Failure   Level
a - Freeze                Ice            76%        1d9       2%          1
b - Frozen Ramparts       Ice            38%        1d5       6%          3

Your spell library contained the following spells:

 Spells                   Type           Power      Damage    Failure   Level
 Ozocubu's Armour         Ice            19%        N/A       6%          3
 Ensorcelled Hibernation  Hex/Ice        24%        N/A       9%          2
 Summon Small Mammal      Summ           16%        N/A       14%         1
 Slow                     Hex            4%         N/A       22%         2
 Call Canine Familiar     Summ           4%         N/A       38%         3
 Spider Form              Tmut/Pois      2%         N/A       38%         3
 Hailstorm                Conj/Ice       12%        3d5       50%         4
 Blade Hands              Tmut           2%         N/A       98%         5
 Irradiate                Conj/Tmut      2%         3d14      98%         5
 Dragon Form              Tmut           2%         N/A       100%        7


Dungeon Overview and Level Annotations

Branches:
Dungeon (6/15)
 Temple: D:4-7

Altars:
Elyvilon
Qazlal
Yredelemnul
The Shining One

Shops:
D:1 [   D:4 [

Annotations:
D:6 Maggie


Innate Abilities, Weirdness & Mutations

You cannot wear most types of armour.
You are amphibious.
You can wear up to eight rings at the same time.
Your skin changes colour to match your surroundings (Stealth+).
Your rubbery body absorbs attacks. (AC +1, EV +1)
((You are camouflaged near water. (Stealth+)))
You have tentacles for arms and can constrict up to eight enemies at once.


Message History

There is a stone staircase leading up here.
Unknown command.
You open the door.
Maggie the Vainglorious comes into view.
She is wielding a +1 war axe of flaming.
Maggie shouts!
You close the door.
Maggie opens the door.
Casting: Freeze (safe; 2% risk of failure)
Confirm with . or Enter, or press ? or * to list all spells.
Casting: Frozen Ramparts (dangerous; 6% risk of failure)
Press: ? - help, Dir - look around, f - activate The walls around you are covered in ice.
The wall freezes Maggie.
Unknown command.
Casting: Frozen Ramparts (dangerous; 6% risk of failure)
Confirm with . or Enter, or press ? or * to list all spells.
Okay, then.
Unknown command.
You feel very mighty all of a sudden.
The wall freezes Maggie.
Maggie barely misses you.
Unknown command.
You closely miss Maggie. Your grab misses Maggie.
Maggie is lightly wounded.
The wall freezes Maggie.
Maggie casts a spell at you. The bolt of fire hits you!!
You puncture Maggie! Your grab misses Maggie.
Maggie is moderately wounded.
The wall freezes Maggie.
Maggie closely misses you.
You hit Maggie but do no damage. You grab Maggie.
Maggie is heavily wounded.
You constrict Maggie.
The wall freezes Maggie.
Maggie hits you with a +1 war axe of flaming.
Maggie burns you.
The wall freezes Maggie.
Maggie misses you.
You puncture Maggie! You squeeze Maggie.
Maggie is severely wounded.
You constrict Maggie.
The wall freezes Maggie.
Maggie gives herself a magical halo, but it quickly sputters out.
Maggie hits you with a +1 war axe of flaming!!
You die...

## ###.
#....###
#....#.#
#....@.######
#.@..#@..##<#
#... ###.##.#
#.. #.##.# #.
#....# #
######


You could see Maggie.

Vanquished Creatures
  Blork the orc (D:5)
  A bullfrog (D:4)
  A bullfrog skeleton (D:4)
  An orc wizard (D:3)
  A hound skeleton (D:4)
  4 adders
  An ufetubus (D:3)
  3 worms
  2 orcs (D:3)
  3 ball pythons
  5 endoplasms
  3 giant cockroaches
  A goblin (D:4)
  5 hobgoblins
  4 jackals (D:2)
  5 kobolds
  2 bats (D:2)
  A frilled lizard (D:1)
  3 rats
47 creatures vanquished.

Vanquished Creatures (others)
  An endoplasm (D:3)
  7 plants (D:2)
8 creatures vanquished.

Grand Total: 55 creatures vanquished

Notes
Turn   | Place    | Note
-------+----------+-------------------------------------------
     0 | D:1      | omnomnOMINOUS the Octopode Wanderer began the quest for the
                  | Orb.
     0 | D:1      | omnomnOMINOUS set off with the following items: a +0
                  | dagger; and the following spells available to memorise:
                  | Freeze, Ensorcelled Hibernation, Frozen Ramparts, Ozocubu's
                  | Armour, Summon Small Mammal, Slow, Call Canine Familiar,
                  | Hailstorm
     0 | D:1      | Reached XP level 1. HP: 11/11 MP: 6/6
     2 | D:1      | Learned a level 1 spell: Freeze
   211 | D:1      | Found Wucsuot's Antique Armour Boutique.
   337 | D:1      | Found a faded altar of an unknown god.
   345 | D:1      | Became a worshipper of Qazlal Stormbringer
   345 | D:1      | Reached * piety under Qazlal
   377 | D:1      | Reached XP level 2. HP: 18/18 MP: 8/8
   574 | D:1      | Reached skill level 1 in Fighting
   678 | D:1      | Reached skill level 1 in Dodging
   928 | D:2      | Reached XP level 3. HP: 22/23 MP: 3/9
  2276 | D:3      | Found a basalt altar of Yredelemnul.
  2367 | D:3      | Reached ** piety under Qazlal
  2372 | D:3      | Reached XP level 4. HP: 24/29 MP: 3/11
  2437 | D:3      | Learned a level 3 spell: Frozen Ramparts
  2475 | D:3      | Found a white marble altar of Elyvilon.
  3170 | D:4      | Noticed a bullfrog
  3337 | D:4      | Reached XP level 5. HP: 14/35 MP: 6/12
  3346 | D:5      | Entered Level 5 of the Dungeon
  3985 | D:4      | Found a glowing golden altar of the Shining One.
  4011 | D:4      | Found Vemeprui's Armour Shop.
  4292 | D:5      | Noticed Blork the orc
  4305 | D:5      | Killed Blork the orc
  4306 | D:5      | Reached XP level 6. HP: 32/42 MP: 6/13
  4454 | D:5      | Noticed an ice beast
  4477 | D:6      | Noticed Maggie
  4485 | D:6      | Slain by Maggie

Illustrated notes

Levels and vault maps discovered:
D:1:      dpeg_arrival_pits, layout_basic, serial_shops, shop_fountains,
          basic_ecumenical_altar, chequers_serial_rivers_micro_e, st_stairs_8,
          minivault_26, nrook_mini_vaults, minmay_fountain_box,
          supply_closet_lemuel
D:2:      layout_loops_corners, serial_forest, infiniplex_forest_clump_tiny,
          infiniplex_forest_3_way, infiniplex_forest_straight_4,
          infiniplex_forest_clump_curved, infiniplex_forest_lined_3,
          infiniplex_forest_split, infiniplex_forest_lined_2,
          infiniplex_forest_lined_3, dk_noncrumbling_2
D:3:      layout_loops_ring, elyvilon_altar_4, mainiacjoe_overflow_chevrons
D:4:      layout_rooms, tso_altar, serial_shops, nicolae_inconvenience_store,
          amcnicky_mini_pool_small
D:5:      layout_basic, chequers_temple_overflow_minitemple, uniq_blork_the_orc
D:6:      layout_basic, serial_shops, nicolae_shop_behind_doors, uniq_maggie

Skill      XL: |  1  2  3  4  5 |
---------------+----------------+-----
Fighting       | 1 2 3 |  3.2
Dodging        | 1 2 3 |  3.2
Ice Magic      | 4 |  4.6
Shields        | |  1.0
Spellcasting   | |  5.0
Evocations     | |  1.1

Action                   |  1- 3 |  4- 6 || total
-------------------------+-------+-------++-------
Melee: Spear             |    82 |     2 ||    84
       Tentacles         |    17 |     7 ||    24
       Constrict         |    18 |     8 ||    26
       Long sword        |       |    16 ||    16
       Trident           |       |     5 ||     5
Throw: Javelin           |       |     1 ||     1
 Cast: Freeze            |    25 |    10 ||    35
       Frozen Ramparts   |       |     5 ||     5
  Use: Potion            |       |     2 ||     2
Armor: Skin              |     3 |       ||     3
Dodge: Dodged            |    28 |    19 ||    47
Block: Other             |     4 |     1 ||     5

Table legend: (Time is in decaauts)
 A = Elapsed time spent in this place.
 B = Non-inter-level travel time spent in this place.
 C = Inter-level travel time spent in this place.
 D = Time resting spent in this place.
 E = Time spent auto-exploring this place.
 F = Levels seen in this place.
 G = Mean time per level.
                   A        B        C        D        E       F      G
               +--------+--------+--------+--------+--------+-----+--------+
         Total |   4498 |   4313 |    185 |    453 |   3326 |   6 |  749.7 |
       Dungeon |   4498 |   4313 |    185 |    453 |   3326 |   6 |  749.7 |
               +--------+--------+--------+--------+--------+-----+--------+

Top non-repeatable levels by time:
     D:2: 1280 daAuts
     D:3: 1067 daAuts
     D:4: 853 daAuts
     D:1: 846 daAuts
     D:5: 429 daAuts
     D:6: 21 daAuts
